 Dungeon Crawl Stone Soup version 0.29.1-12-g30fa7ad0bf (webtiles) character file.

Game seed: 6865412630993260157

3083 MisterFreud the Carver (level 9, -15/77 (81) HPs)
             Began as a Minotaur Fighter on Dec 28, 2022.
             Was an Initiate of Yredelemnul.
             Demolished by a two-headed ogre
             ... wielding a +0 giant club
              (22 damage)
             ... on level 8 of the Dungeon.
             The game lasted 00:07:11 (9121 turns).

MisterFreud the Carver (Minotaur Fighter)           Turns: 9121, Time: 00:07:12

HP:   -15/77 (81)   AC:  8    Str: 20    XL:     9   Next: 58%
MP:   11/11         EV:  9    Int:  5    God:    Yredelemnul [......]
Gold: 326           SH:  5    Dex: 15    Spells: 8/8 levels left

rFire   + . .      SeeInvis .   a - +0 long sword
rCold   + . .      Faith    .   c - +0 buckler
rNeg    . . .      Spirit   .   b - +0 scale mail
rPois   +          Reflect  .   (helmet restricted)
rElec   .          Harm     .   y - scarf {rC+ rF+}
rCorr   +          Rampage  .   G - +0 pair of gloves
Will    .....                   (no boots)
Stlth   ..........              (no amulet)
HPRegen 0.22/turn               w - ring of poison resistance
MPRegen 0.12/turn               s - ring of resist corrosion

@: lightly drained
A: horns 2, retaliatory headbutt
a: Renounce Religion, Recall Undead Harvest


You were on level 8 of the Dungeon.
You worshipped Yredelemnul.
Yredelemnul was noncommittal.
You visited 2 branches of the dungeon, and saw 9 of its levels.

You collected 326 gold pieces.

Inventory:

Hand Weapons
 a - a +0 long sword (weapon)
Missiles
 x - 10 javelins (quivered)
 D - 18 poisoned darts
Armour
 b - a +0 scale mail (worn)
 c - a +0 buckler (worn)
 y - a scarf of resistance (worn)
 G - a +0 pair of gloves (worn)
Jewellery
 e - a ring of wizardry
 f - a +6 ring of dexterity
 s - a ring of resist corrosion (right hand)
 w - a ring of poison resistance (left hand)
 I - a +6 ring of strength
Wands
 B - a wand of mindburst (5)
Scrolls
 g - 3 scrolls of teleportation
 h - a scroll of enchant weapon {unknown}
 k - 2 scrolls of enchant armour {unknown}
 l - a scroll of immolation {unknown}
 n - a scroll of vulnerability {unknown}
 p - a scroll of silence {unknown}
 q - a scroll of brand weapon {unknown}
 u - a scroll of torment {unknown}
 A - a scroll of noise {unknown}
 E - a scroll of poison {unknown}
 H - a scroll of identify
Potions
 d - 2 potions of might
 i - 5 potions of heal wounds
 j - 3 potions of berserk rage
 m - 6 potions of curing
 o - a potion of invisibility
 r - a potion of haste
 t - 4 potions of flight
 v - 2 potions of mutation
 z - 3 potions of brilliance
 C - a potion of attraction {unknown}
 F - a potion of resistance {unknown}


   Skills:
 - Level 8.0 Fighting
 - Level 12.4 Long Blades
 - Level 6.0 Armour
 - Level 4.0 Shields
 + Level 4.5 Invocations


You had 8 spell levels left.
You didn't know any spells.
Your spell library contained the following spells:

 Spells                   Type           Power      Damage    Failure   Level
 Alistair's Intoxication  Tmut/Pois      0%         N/A       100%        5
 Borgnjor's Vile Clutch   Necr/Erth      0%         N/A       100%        5
 Freezing Cloud           Conj/Ice/Air   0%         6-21      100%        5
 Eringya's Noxious Bog    Tmut/Pois      0%         N/A       100%        6
 Polar Vortex             Ice            0%         N/A       100%        9
 Simulacrum               Ice/Necr       Unusable   N/A       N/A         6

Dungeon Overview and Level Annotations

Branches:
Dungeon (8/15)             Temple (1/1) D:5
   Lair: D:8-11

Altars:
Ashenzari
Cheibriados
Elyvilon
Gozag
Kikubaaqudgha
Makhleb
Nemelex Xobeh
Ru
Uskayaw
Xom
Yredelemnul
Zin

Shops:
D:2 [   D:6 *


Innate Abilities, Weirdness & Mutations

You have a pair of horns on your head.
You reflexively headbutt those who attack you in melee.


Message History

You swap places.
You swap places.
D - 18 poisoned darts (gained 8)
Things that are here:
a +0 club; a +0 dagger You swap places.
You swap places.
Things that are here:
a +0 dagger; a +0 whip; 5 stones You swap places.
Found a stone staircase leading down.
There is a stone staircase leading down here.
A two-headed ogre comes into view.
It is wielding a +0 giant club and a +0 giant spiked club.
The two-headed ogre shouts in stereo!
A two-headed ogre is nearby!
A two-headed ogre is nearby!
You slash the two-headed ogre!
The two-headed ogre is lightly wounded.
You slash the two-headed ogre!
The two-headed ogre is moderately wounded.
The two-headed ogre hits you with a +0 giant club!!
The two-headed ogre hits you with a +0 giant spiked club!
You hear a howl!
You hear a shout!
You hear a howl!
You hit the two-headed ogre.
The two-headed ogre is heavily wounded.
You hear a shout!
You hear a howl!
You slash the two-headed ogre! You headbutt the two-headed ogre.
The two-headed ogre is severely wounded.
You hear a bellow!
You hear an angry hiss.
The two-headed ogre hits you with a +0 giant club!
The two-headed ogre hits you with a +0 giant spiked club!
You hit the two-headed ogre. You headbutt the two-headed ogre.
The two-headed ogre is severely wounded.
You slash the two-headed ogre! You headbutt the two-headed ogre.
The two-headed ogre is almost dead.
The two-headed ogre hits you with a +0 giant club!!
* * * LOW HITPOINT WARNING * * *
The two-headed ogre hits you with a +0 giant spiked club!!
You die...
Your body rises from the dead as a mindless zombie.

##########
#Z@O......
#Z########
#.# #Z# #.#
#.# #.# #.#
#########.#


You could see a two-headed ogre (ally target) and 3 friendly kobold zombies.

Vanquished Creatures
  Pikel (D:4)
  Grinder (D:3)
  Sigmund (D:2)
  2 sky beasts (D:6)
  2 ogres (D:7)
  A centaur (D:5)
  A phantom (D:6)
  3 kobold brigands
  A necrophage (D:4)
  3 scorpions
  5 wights
  An electric eel (D:6)
  2 howler monkeys (D:6)
  A hound (D:5)
  A gnoll bouda (D:7)
  An orc priest (D:4)
  2 jellies (D:5)
  5 iguanas
  Natasha (twice) (D:2)
  4 orc wizards
  2 gnolls (D:7)
  22 adders
  2 ufetubi
  A worm (D:3)
  2 dart slugs (D:1)
  11 orcs
  7 endoplasms
  3 giant cockroaches
  8 goblins
  15 hobgoblins
  4 jackals (D:3)
  3 quokkas
  13 ball pythons
  3 bats
  4 frilled lizards
  25 kobolds
  6 rats
171 creatures vanquished.

Vanquished Creatures (collateral kills)
  A black bear (D:6)
  A howler monkey (D:6)
  A jelly (D:6)
  A gnoll (D:7)
  A kobold (D:5)
5 creatures vanquished.

Vanquished Creatures (others)
  An ogre zombie (D:7)
  An adder zombie (D:6)
  A gnoll zombie (D:7)
  An iguana zombie (D:6)
  A kobold zombie (D:5)
  41 fungi (D:8)
  56 plants
102 creatures vanquished.

Grand Total: 278 creatures vanquished

Notes
Turn   | Place    | Note
-------+----------+-------------------------------------------
     0 | D:1      | MisterFreud the Minotaur Fighter began the quest for the
                  | Orb.
     0 | D:1      | Reached XP level 1. HP: 19/19 MP: 0/0
   372 | D:1      | Reached XP level 2. HP: 28/28 MP: 1/1
   558 | D:1      | Reached skill level 5 in Fighting
   607 | D:1      | Reached XP level 3. HP: 36/36 MP: 2/2
   676 | D:1      | Found a faded altar of an unknown god.
  1155 | D:2      | Noticed Sigmund
  1162 | D:2      | Killed Sigmund
  1163 | D:2      | Reached XP level 4. HP: 30/48 MP: 3/3
  1163 | D:2      | Reached XP level 5. HP: 33/53 MP: 4/4
  1661 | D:2      | Noticed Natasha
  1666 | D:2      | Killed Natasha
  1807 | D:2      | Reached XP level 6. HP: 61/61 MP: 5/5
  1935 | D:2      | Reached skill level 3 in Long Blades
  2183 | D:2      | Found Ytoog's Armour Shop.
  2318 | D:2      | Noticed Natasha
  2325 | D:2      | Killed Natasha
  2361 | D:2      | Reached skill level 4 in Long Blades
  2944 | D:3      | Noticed Grinder
  2953 | D:3      | Killed Grinder
  2954 | D:3      | Reached skill level 6 in Long Blades
  2954 | D:3      | Reached XP level 7. HP: 43/68 MP: 6/6
  3783 | D:4      | Reached skill level 5 in Armour
  4131 | D:4      | Noticed Pikel
  4149 | D:4      | Killed Pikel
  4150 | D:4      | Reached skill level 8 in Long Blades
  4150 | D:4      | Reached XP level 8. HP: 65/74 MP: 7/7
  4857 | D:5      | Entered Level 5 of the Dungeon
  5114 | D:5      | Reached skill level 9 in Long Blades
  5376 | D:5      | Found a staircase to the Ecumenical Temple.
  5444 | Temple   | Entered the Ecumenical Temple
  5497 | Temple   | Became a worshipper of Yredelemnul the Dark
  5672 | D:5      | Reached skill level 10 in Long Blades
  5682 | D:5      | Reached * piety under Yredelemnul
  6150 | D:5      | Reached ** piety under Yredelemnul
  6325 | D:6      | Found Zin's Purification Station.
  6325 | D:6      | Found a glowing silver altar of Zin.
  6621 | D:6      | Reached skill level 11 in Long Blades
  6675 | D:6      | Reached XP level 9. HP: 73/81 MP: 8/8
  6786 | D:6      | Reached skill level 1 in Invocations
  6912 | D:6      | Reached *** piety under Yredelemnul
  7979 | D:7      | Reached skill level 12 in Long Blades
  8799 | D:7      | Found a sparkling altar of Nemelex Xobeh.
  9114 | D:8      | Noticed a two-headed ogre
  9121 | D:8      | Demolished by a two-headed ogre

Illustrated notes

Levels and vault maps discovered:
D:1:      grunt_arrival_crossed_arrows, layout_loops_ring,
          shapermc_ecumenical_altar_mp_highgroup, minmay_pentomino_t2
D:2:      layout_loops_corners, serial_shops,
          nicolae_shop_competitors_out_of_business, minmay_snake_closets,
          uniq_natasha, uniq_sigmund
D:3:      layout_basic, st_stairs_9, roderic_lattice_a,
          hangedman_decor_peaks_small, mrwooster_statue_mirror,
          serial_park_tiny_2, uniq_grinder
D:4:      cheibrodos_pilgrimage, layout_loops_ring, serial_bayou,
          serial_bayou_pond_d, serial_bayou_shore_a, serial_bayou_pond_b,
          serial_bayou_lagoon_a, uniq_pikel
D:5:      cheibrodos_thug_alley, layout_basic, minmay_temple_entry_poolview,
          kennysheep_pointless_box
D:6:      layout_cave_pools, zin_purify, serial_bayou_pond_b
D:7:      layout_rooms, nemelex_spade_bored_becter, nicolae_figureground_pulse
D:8:      layout_loops_ring, nicolae_overflow_hallway_of_the_gods,
          due_lair_maze_entry_diamond, uniq_gastronok, uniq_maurice,
          uniq_maggie, uniq_grum
Temple:   nicolae_temple_god_jail

Skill      XL: |  1  2  3  4  5  6  7  8  9 |
---------------+----------------------------+-----
Fighting       | 4 5 7 8 |  8.0
Shields        | 4 |  4.0
Long Blades    | 6 8 11 12 | 12.4
Armour         | 4 6 |  6.0
Invocations    | 4 |  4.5

Action                   |  1- 3 |  4- 6 |  7- 9 || total
-------------------------+-------+-------+-------++-------
Melee: Long sword        |    64 |   108 |   311 ||   483
       Headbutt          |    12 |    18 |    71 ||   101
  Use: Scroll            |       |     5 |     4 ||     9
 Stab: Distracted        |       |       |     1 ||     1
Armor: Scale mail        |    19 |    40 |   122 ||   181
Dodge: Dodged            |    29 |    48 |   124 ||   201
Block: Buckler           |     6 |    19 |    70 ||    95
